[ AOE2 MATCH · #508115932 ]
UnrankedTupi vs Mongols
Player's team · WIN
Rival team · LOSS
[ REPLAY ANALYSIS · EXTRACTED FROM THE RECORDED GAME ]
Feudal
13:22
Castle
21:48
Imperial
—
| APM avg | 43.9 |
| APM peak | 68 |
| eAPM avg | 18.5 |
| Villagers / military | 40 / 12 |
Focus
⚔️ 24.1% · 🌾 75.9%
Skirmisher ×10 · Unknown (2550) ×5 · Archer ×2
Feudal
9:40
Castle
22:39
Imperial
—
| APM avg | 50.6 |
| APM peak | 108 |
| eAPM avg | 16.7 |
| Villagers / military | 50 / 22 |
Focus
⚔️ 35.6% · 🌾 64.4%
Archer ×13 · Knight ×5 · Militia ×4
Match map
Initial resources + every placement click. Lines = walls · curves = elevation contours. ◆ gold · ⬟ stone · ● berries · ✦ relic · ◌ wall gap
Your base· Open — unwalled flank
DS_Rene Lavand's base· Open — unwalled flank
Smoothed initial terrain · ◌ = detected wall gap · hover for details
Inputs per minute
— CORP_hector_sin_elo - - DS_Rene Lavand
Build order — CORP_hector_sin_elo
137 actions detected in the replay
| 0:00 | Queue | Villager (Male) |
| 0:00 | Queue | Villager (Male) |
| 0:01 | Queue | Villager (Male) |
| 0:02 | Build | House |
| 0:04 | Build | House |
| 0:34 | Queue | Villager (Male) |
| 1:11 | Queue | Villager (Male) |
| 1:38 | Queue | Villager (Male) |
| 1:48 | Queue | Villager (Male) |
| 2:19 | Queue | Villager (Male) |
| 2:57 | Queue | Villager (Male) |
| 3:15 | Build | House |
| 3:41 | Build | Barracks |
| 3:48 | Queue | Villager (Male) |
| 4:05 | Queue | Villager (Male) |
| 4:32 | Queue | Villager (Male) |
| 4:39 | Queue | Unit 2550 |
| 4:49 | Build | Settlement |
| 4:59 | Queue | Villager (Male) |
| 5:13 | Queue | Villager (Male) |
| 5:17 | Queue | Unit 2550 |
| 5:31 | Queue | Villager (Male) |
| 5:55 | Queue | Villager (Male) |
| 6:03 | Queue | Unit 2550 |
| 6:46 | Build | Settlement |
| 6:52 | Queue | Villager (Male) |
| 6:56 | Build | House |
| 7:16 | Queue | Villager (Male) |
| 7:50 | Queue | Villager (Male) |
| 8:09 | Queue | Villager (Male) |
| 8:25 | Queue | Villager (Male) |
| 8:28 | Build | Farm |
| 8:28 | Build | Farm |
| 8:28 | Build | Farm |
| 8:29 | Build | Farm |
| 8:44 | Queue | Villager (Male) |
| 8:46 | Build | Farm |
| 8:48 | Build | Farm |
| 9:03 | Build | Farm |
| 9:07 | Research | Loom |
| 9:27 | Build | Farm |
| 9:37 | Build | Farm |
| 9:49 | Build | House |
| 9:56 | Build | Palisade Wall |
| 9:58 | Build | Palisade Wall |
| 10:08 | Build | Palisade Wall |
| 10:11 | Build | Palisade Wall |
| 10:14 | Queue | Villager (Male) |
| 10:28 | Build | Farm |
| 10:43 | Queue | Villager (Male) |
| 10:49 | Build | Palisade Wall |
| 10:50 | Build | Palisade Wall |
| 10:51 | Build | Palisade Wall |
| 11:03 | Build | House |
| 11:06 | Build | Palisade Wall |
| 11:12 | Research | Feudal Age |
| 11:20 | Build | Palisade Wall |
| 11:21 | Build | Palisade Wall |
| 11:23 | Build | Palisade Gate |
| 11:24 | Build | Palisade Wall |
| 12:48 | Build | Palisade Wall |
| 12:51 | Build | Palisade Wall |
| 13:00 | Build | House |
| 13:09 | Build | House |
| 13:15 | Build | Palisade Wall |
| 13:16 | Build | Palisade Wall |
| 13:18 | Build | Palisade Wall |
| 13:22 | Age | Feudal Age |
| 13:30 | Build | Archery Range |
| 13:34 | Build | Palisade Wall |
| 13:37 | Queue | Villager (Male) |
| 13:40 | Research | Double-Bit Axe |
| 13:59 | Queue | Villager (Male) |
| 14:06 | Queue | Skirmisher |
| 14:17 | Queue | Skirmisher |
| 14:34 | Research | Wheelbarrow |
| 14:37 | Queue | Skirmisher |
| 15:06 | Build | Blacksmith |
| 15:14 | Queue | Villager (Male) |
| 15:20 | Queue | Skirmisher |
| 15:34 | Research | Fletching |
| 15:37 | Queue | Skirmisher |
| 15:51 | Build | Farm |
| 16:08 | Build | Farm |
| 16:09 | Build | Farm |
| 16:13 | Build | Farm |
| 16:20 | Queue | Villager (Male) |
| 16:26 | Queue | Skirmisher |
| 16:38 | Build | Farm |
| 16:40 | Queue | Skirmisher |
| 16:41 | Research | Padded Archer Armor |
| 16:46 | Build | House |
| 16:52 | Queue | Villager (Male) |
| 17:04 | Queue | Skirmisher |
| 17:08 | Queue | Villager (Male) |
| 17:13 | Queue | Skirmisher |
| 17:18 | Build | Farm |
| 17:22 | Build | Farm |
| 17:31 | Queue | Villager (Male) |
| 17:49 | Build | Farm |
| 17:55 | Build | House |
| 18:09 | Queue | Villager (Male) |
| 18:10 | Build | Farm |
| 18:24 | Build | House |
| 18:32 | Queue | Archer |
| 18:32 | Queue | Archer |
| 18:38 | Build | Palisade Wall |
| 19:08 | Research | Castle Age |
| 19:22 | Build | Barracks |
| 19:52 | Research | Horse Collar |
| 19:58 | Research | Tech 1402 |
| 20:28 | Build | House |
| 20:33 | Research | Scale Mail Armor |
| 20:36 | Queue | Villager (Male) |
| 21:02 | Queue | Skirmisher |
| 21:07 | Research | Gold Mining |
| 21:10 | Queue | Unit 2550 |
| 21:11 | Queue | Unit 2550 |
| 21:13 | Build | Palisade Wall |
| 21:25 | Build | House |
| 21:43 | Build | Settlement |
| 21:48 | Age | Castle Age |
| 21:51 | Queue | Villager (Male) |
| 22:18 | Queue | Villager (Male) |
| 22:19 | Queue | Villager (Male) |
| 22:26 | Research | Elite Skirmisher (upgrade) |
| 22:53 | Queue | Villager (Male) |
| 23:02 | Build | Watch Tower |
| 23:08 | Queue | Villager (Male) |
| 23:08 | Queue | Villager (Male) |
| 23:48 | Research | Bodkin Arrow |
| 23:52 | Build | House |
| 23:53 | Build | House |
| 24:02 | Build | House |
| 24:15 | Queue | Villager (Male) |
| 24:23 | Research | Tech 1351 |
| 24:49 | Build | Town Center |
Build order — DS_Rene Lavand
134 actions detected in the replay
| 0:01 | Queue | Villager (Male) |
| 0:01 | Queue | Villager (Male) |
| 0:01 | Queue | Villager (Male) |
| 0:01 | Queue | Villager (Male) |
| 0:01 | Queue | Villager (Male) |
| 0:03 | Build | House |
| 0:08 | Build | House |
| 1:43 | Queue | Villager (Male) |
| 1:54 | Queue | Villager (Male) |
| 1:54 | Queue | Villager (Male) |
| 2:15 | Build | Lumber Camp |
| 2:24 | Queue | Villager (Male) |
| 2:25 | Queue | Villager (Male) |
| 2:49 | Queue | Villager (Male) |
| 3:21 | Queue | Villager (Male) |
| 3:49 | Queue | Villager (Male) |
| 3:49 | Queue | Villager (Male) |
| 4:05 | Queue | Villager (Male) |
| 4:05 | Queue | Villager (Male) |
| 4:29 | Build | House |
| 4:35 | Queue | Villager (Male) |
| 4:35 | Queue | Villager (Male) |
| 4:36 | Queue | Villager (Male) |
| 5:03 | Queue | Villager (Male) |
| 6:26 | Queue | Villager (Male) |
| 6:26 | Queue | Villager (Male) |
| 6:34 | Research | Loom |
| 6:36 | Build | Barracks |
| 6:39 | Build | House |
| 7:08 | Build | House |
| 7:11 | Build | Palisade Wall |
| 7:30 | Research | Feudal Age |
| 7:48 | Queue | Militia |
| 7:48 | Queue | Militia |
| 7:48 | Queue | Militia |
| 7:49 | Queue | Militia |
| 7:50 | Build | Mining Camp |
| 9:09 | Build | Mining Camp |
| 9:40 | Age | Feudal Age |
| 10:00 | Build | Archery Range |
| 10:03 | Build | Palisade Wall |
| 10:05 | Queue | Villager (Male) |
| 10:07 | Queue | Villager (Male) |
| 10:07 | Queue | Villager (Male) |
| 10:40 | Queue | Archer |
| 10:41 | Queue | Archer |
| 11:01 | Build | Mill |
| 11:03 | Queue | Villager (Male) |
| 11:04 | Queue | Villager (Male) |
| 11:47 | Research | Man-at-Arms (upgrade) |
| 11:50 | Queue | Archer |
| 11:51 | Queue | Archer |
| 12:13 | Queue | Archer |
| 12:14 | Queue | Archer |
| 12:25 | Build | Palisade Wall |
| 12:26 | Build | Palisade Wall |
| 12:27 | Build | Palisade Wall |
| 12:34 | Build | Palisade Wall |
| 12:43 | Queue | Villager (Male) |
| 12:43 | Queue | Villager (Male) |
| 12:51 | Queue | Archer |
| 12:51 | Queue | Archer |
| 12:53 | Queue | Villager (Male) |
| 12:53 | Queue | Villager (Male) |
| 12:53 | Queue | Villager (Male) |
| 13:01 | Build | Market |
| 13:02 | Build | Blacksmith |
| 13:06 | Build | House |
| 13:43 | Queue | Archer |
| 14:05 | Queue | Villager (Male) |
| 14:17 | Queue | Villager (Male) |
| 14:24 | Queue | Archer |
| 14:24 | Queue | Archer |
| 14:25 | Queue | Villager (Male) |
| 14:30 | Build | Farm |
| 14:49 | Build | House |
| 14:59 | Research | Fletching |
| 15:07 | Build | Farm |
| 15:15 | Build | Watch Tower |
| 15:24 | Queue | Archer |
| 15:26 | Queue | Villager (Male) |
| 15:29 | Build | Farm |
| 15:54 | Research | Padded Archer Armor |
| 15:58 | Build | Farm |
| 16:05 | Queue | Archer |
| 16:16 | Build | Farm |
| 16:21 | Build | House |
| 16:42 | Build | Palisade Wall |
| 16:43 | Build | Palisade Wall |
| 16:44 | Build | Palisade Wall |
| 16:44 | Build | Palisade Wall |
| 16:44 | Build | Palisade Wall |
| 16:44 | Build | Palisade Wall |
| 17:09 | Queue | Villager (Male) |
| 17:10 | Queue | Villager (Male) |
| 17:10 | Queue | Villager (Male) |
| 17:38 | Queue | Villager (Male) |
| 18:00 | Build | Palisade Wall |
| 18:02 | Build | Palisade Wall |
| 18:04 | Build | Palisade Wall |
| 18:06 | Build | Palisade Wall |
| 18:09 | Queue | Villager (Male) |
| 18:17 | Build | Mining Camp |
| 18:40 | Build | Farm |
| 19:11 | Build | Farm |
| 19:12 | Queue | Villager (Male) |
| 19:25 | Build | Farm |
| 19:46 | Build | Farm |
| 19:59 | Research | Castle Age |
| 19:59 | Research | Castle Age |
| 20:35 | Build | Stable |
| 21:32 | Build | Lumber Camp |
| 21:37 | Build | Farm |
| 21:50 | Build | Palisade Wall |
| 22:19 | Research | Double-Bit Axe |
| 22:20 | Research | Gold Mining |
| 22:22 | Research | Scale Barding Armor |
| 22:39 | Age | Castle Age |
| 22:43 | Queue | Knight |
| 22:44 | Queue | Knight |
| 22:44 | Queue | Knight |
| 22:44 | Queue | Knight |
| 22:47 | Queue | Villager (Male) |
| 22:47 | Queue | Villager (Male) |
| 23:03 | Build | Siege Workshop |
| 23:30 | Queue | Knight |
| 23:30 | Queue | Villager (Male) |
| 23:58 | Build | Mining Camp |
| 24:13 | Queue | Villager (Male) |
| 24:15 | Queue | Villager (Male) |
| 24:15 | Queue | Villager (Male) |
| 24:16 | Queue | Villager (Male) |
| 24:16 | Queue | Villager (Male) |
| 24:19 | Build | House |
Match timeline
| 3:41 | CORP_hector_sin_elo · first_building Barracks |
| 6:36 | DS_Rene Lavand · first_building Barracks |
| 7:11 | DS_Rene Lavand · wall_segment Palisade Wall x1 |
| 9:40 | DS_Rene Lavand · age_up feudal |
| 9:56 | CORP_hector_sin_elo · wall_segment Palisade Wall x5 |
| 9:58 | CORP_hector_sin_elo · wall_segment Palisade Wall x4 |
| 10:00 | DS_Rene Lavand · first_building Archery Range |
| 10:03 | DS_Rene Lavand · wall_segment Palisade Wall x1 |
| 10:08 | CORP_hector_sin_elo · wall_segment Palisade Wall x6 |
| 10:11 | CORP_hector_sin_elo · wall_segment Palisade Wall x5 |
| 10:49 | CORP_hector_sin_elo · wall_segment Palisade Wall x1 |
| 10:50 | CORP_hector_sin_elo · wall_segment Palisade Wall x3 |
| 10:51 | CORP_hector_sin_elo · wall_segment Palisade Wall x3 |
| 11:06 | CORP_hector_sin_elo · wall_segment Palisade Wall x4 |
| 11:20 | CORP_hector_sin_elo · wall_segment Palisade Wall x1 |
| 11:21 | CORP_hector_sin_elo · wall_segment Palisade Wall x1 |
| 11:24 | CORP_hector_sin_elo · wall_segment Palisade Wall x1 |
| 12:25 | DS_Rene Lavand · wall_segment Palisade Wall x1 |
| 12:26 | DS_Rene Lavand · wall_segment Palisade Wall x1 |
| 12:27 | DS_Rene Lavand · wall_segment Palisade Wall x1 |
| 12:34 | DS_Rene Lavand · wall_segment Palisade Wall x1 |
| 12:48 | CORP_hector_sin_elo · wall_segment Palisade Wall x1 |
| 12:51 | CORP_hector_sin_elo · wall_segment Palisade Wall x1 |
| 13:15 | CORP_hector_sin_elo · wall_segment Palisade Wall x1 |
| 13:16 | CORP_hector_sin_elo · wall_segment Palisade Wall x1 |
| 13:18 | CORP_hector_sin_elo · wall_segment Palisade Wall x1 |
| 13:22 | CORP_hector_sin_elo · age_up feudal |
| 13:30 | CORP_hector_sin_elo · first_building Archery Range |
| 13:34 | CORP_hector_sin_elo · wall_segment Palisade Wall x1 |
| 15:31 | DS_Rene Lavand · first_market_sell 100 wood |
| 16:42 | DS_Rene Lavand · wall_segment Palisade Wall x1 |
| 16:43 | DS_Rene Lavand · wall_segment Palisade Wall x1 |
| 16:44 | DS_Rene Lavand · wall_segment Palisade Wall x1 |
| 16:44 | DS_Rene Lavand · wall_segment Palisade Wall x1 |
| 16:44 | DS_Rene Lavand · wall_segment Palisade Wall x1 |
| 16:44 | DS_Rene Lavand · wall_segment Palisade Wall x2 |
| 18:00 | DS_Rene Lavand · wall_segment Palisade Wall x5 |
| 18:02 | DS_Rene Lavand · wall_segment Palisade Wall x4 |
| 18:04 | DS_Rene Lavand · wall_segment Palisade Wall x4 |
| 18:06 | DS_Rene Lavand · wall_segment Palisade Wall x5 |
| 18:22 | DS_Rene Lavand · first_market_buy 100 food |
| 18:38 | CORP_hector_sin_elo · wall_segment Palisade Wall x1 |
| 20:35 | DS_Rene Lavand · first_building Stable |
| 21:13 | CORP_hector_sin_elo · wall_segment Palisade Wall x1 |
| 21:48 | CORP_hector_sin_elo · age_up castle |
| 21:50 | DS_Rene Lavand · wall_segment Palisade Wall x6 |
| 22:39 | DS_Rene Lavand · age_up castle |
| 23:03 | DS_Rene Lavand · first_building Siege Workshop |
| 24:50 | DS_Rene Lavand · resign |
[ AI ANALYSIS · 1 CREDIT ]
What really happened in this match?
Wolo.gg analyzes every decision: build order, eco, micro, common mistakes by bracket. Personalized analysis on WhatsApp or Discord in 30 seconds.
Civ guide
Tupi
Perfil
Jugador #459775